 Dungeon Crawl Stone Soup version 0.27-a0-412-g8dd771eca2 (webtiles) character file.

Game seed: 16518783607935816186

22 Morbidden the Conjurer (level 2, 0/20 HPs)
             Began as a Demonspawn Conjurer on Feb 24, 2021.
             Slain by a hobgoblin
             ... wielding a +0 club
              (2 damage)
             ... on level 1 of the Dungeon.
             The game lasted 00:00:53 (1156 turns).

Morbidden the Conjurer (Demonspawn Conjurer)        Turns: 1156, Time: 00:00:54

Health: 0/20       AC:  2    Str:  7    XL:     2   Next: 68%
Magic:  4/5        EV: 12    Int: 19    God:
Gold:   59         SH:  0    Dex: 11    Spells: 4/5 levels left

rFire    . . .     SeeInvis .   c - +0 dagger
rCold    . . .     Faith    .   (no shield)
rNeg     . . .     Spirit   .   a - +0 robe
rPois    .         Reflect  .   (no helmet)
rElec    .         Harm     .   (no cloak)
rCorr    .         Rampage  .   (no gloves)
Will     .....                  (no boots)
Stlth    ++........             (no amulet)
HPRegen  0.06/turn              (no ring)
MPRegen  0.09/turn              (no ring)

@: no status effects
A: foul stench 1
a: no special abilities


You were on level 1 of the Dungeon.
You visited 1 branch of the dungeon, and saw 1 of its levels.

You collected 59 gold pieces.

Inventory:

Hand Weapons
 c - a +0 dagger (weapon)
Armour
 a - a +0 robe (worn)
Scrolls
 b - a scroll of magic mapping {unknown}
 d - a scroll of identify {unknown}
Potions
 e - 2 potions of curing {unknown}


   Skills:
 * Level 0.5 Fighting
 * Level 1.8 Dodging
 + Level 1.8 Stealth
 * Level 2.1 Spellcasting
 * Level 4.5 Conjurations


You had 4 spell levels left.
You knew the following spells:

 Your Spells              Type           Power        Failure   Level
a - Magic Dart            Conj           76%          2%          1

Your spell library contained the following spells:

 Spells                   Type           Power        Failure   Level
 Searing Ray              Conj           38%          3%          2
 Dazzling Flash           Conj/Hex       20%          21%         3
 Fulminant Prism          Conj/Hex       5%           54%         4
 Iskenderun's Mystic Bla  Conj/Tloc      10%          54%         4


Dungeon Overview and Level Annotations

Branches:
Dungeon (1/15)

Altars:


Innate Abilities, Weirdness & Mutations

You may rarely emit foul miasma when damaged in melee.


Message History

Aiming: Magic Dart (safe; 2% risk of failure)
Press: ? - help, Shift-Dir - straight line, f - hobgoblin
Aim: a hobgoblin, wielding a +0 club (0% to evade)
The magic dart hits the hobgoblin.
The hobgoblin is severely wounded.
The hobgoblin hits you with a +0 club.
A hobgoblin comes into view. It is wielding a +0 club.
You closely miss the hobgoblin.
The hobgoblin is severely wounded.
You completely miss the hobgoblin.
The hobgoblin is severely wounded.
The hobgoblin barely misses you.
You closely miss the hobgoblin.
The hobgoblin is severely wounded.
The hobgoblin hits you with a +0 club. The hobgoblin completely misses you.
You barely miss the hobgoblin.
The hobgoblin is severely wounded.
The hobgoblin barely misses you. x2
You hit the hobgoblin.
The hobgoblin is almost dead.
The hobgoblin misses you. The hobgoblin hits you with a +0 club.
You barely miss the hobgoblin.
The hobgoblin is almost dead.
The hobgoblin closely misses you.
You closely miss the hobgoblin.
The hobgoblin is almost dead.
The hobgoblin hits you with a +0 club. The hobgoblin hits you with a +0 club!
* * * LOW HITPOINT WARNING * * *
You are too injured to fight recklessly!
You are too injured to fight recklessly!
You are too injured to fight recklessly!
You are too injured to fight recklessly!
You are too injured to fight recklessly!
You are too injured to fight recklessly!
You are too injured to fight recklessly!
You are too injured to fight recklessly!
You are too injured to fight recklessly!
You are too injured to fight recklessly!
The hobgoblin hits you with a +0 club.
You die...

#.# ##.#. #. #.# #..#. .. #.#
#..#. #. #######.# #..#. #.
........# #..#. ###. #######.#
###.##. !.. #.#######......
#.##############).............
#..........gg@................
#.########################.##.
#) #.##. #. #.##. #. #.##. #.
#.##. ## #####


You could see 2 hobgoblins.

Vanquished Creatures
  A bat (D:1)
  2 goblins (D:1)
  3 hobgoblins (D:1)
  3 jackals (D:1)
  4 kobolds (D:1)
  A ball python (D:1)
  5 rats (D:1)
19 creatures vanquished.

Notes
Turn   | Place    | Note
-------+----------+-------------------------------------------
     0 | D:1      | Morbidden the Demonspawn Conjurer began the quest for the
                  | Orb.
     0 | D:1      | Reached XP level 1. HP: 13/13 MP: 3/3
   408 | D:1      | Gained mutation: You may rarely emit foul miasma when
                  | damaged in melee. [demonic ancestry]
   408 | D:1      | Reached XP level 2. HP: 20/20 MP: 0/5
  1145 | D:1      | HP: 1/20 [hobgoblin/+0 club (7)]
  1156 | D:1      | Slain by a hobgoblin

Illustrated notes

Levels and vault maps discovered:
D:1:      dpeg_arrival_arbitrary_c, layout_basic

Action                   || total
-------------------------++-------
Melee: Dagger            ||    32
 Cast: Magic Dart        ||    33
Armor: Robe              ||     5
Dodge: Dodged            ||    34

Table legend: (Time is in decaauts)
 A = Elapsed time spent in this place.
 B = Non-inter-level travel time spent in this place.
 C = Inter-level travel time spent in this place.
 D = Time resting spent in this place.
 E = Time spent auto-exploring this place.
 F = Levels seen in this place.
 G = Mean time per level.
                   A        B        C        D        E       F      G
               +--------+--------+--------+--------+--------+-----+--------+
         Total |   1155 |   1155 |      0 |      0 |   1027 |   1 | 1155.0 |
       Dungeon |   1155 |   1155 |      0 |      0 |   1027 |   1 | 1155.0 |
               +--------+--------+--------+--------+--------+-----+--------+

Top non-repeatable levels by time:
     D:1: 1155 daAuts
